 Dungeon Crawl Stone Soup version 0.29-a0-284-gf9362112df (webtiles) character file.

Game seed: 16078613186555570858

35 gzilladon the Sneak (level 3, -1/16 HPs)
             Began as a Spriggan Enchanter on Mar 24, 2022.
             Was a Follower of Fedhas.
             Slain by a hound (4 damage)
             ... on level 3 of the Dungeon.
             The game lasted 00:08:12 (1682 turns).

gzilladon the Sneak (Spriggan Enchanter)            Turns: 1682, Time: 00:08:14

Health: -1/16      AC:  2    Str:  4    XL:     3   Next: 17%
Magic:  8/8        EV: 19    Int: 16    God:    Fedhas [*.....]
Gold:   53         SH:  0    Dex: 23    Spells: 7/7 levels left

rFire   . . .      SeeInvis +   a - +2 dagger
rCold   . . .      Faith    .   (no shield)
rNeg    . . .      Spirit   .   b - +0 robe
rPois   .          Reflect  .   (helmet restricted)
rElec   .          Harm     .   (no cloak)
rCorr   .          Rampage  .   (gloves unavailable)
Will    .....                   (boots unavailable)
Stlth   +++.......              (no amulet)
HPRegen 0.05/turn               e - +6 ring of dexterity
MPRegen 0.11/turn               (no ring)

@: very quick
A: very small, no large weapons, unfitting armour, see invisible, speed 3
a: Renounce Religion


You were on level 3 of the Dungeon.
You worshipped Fedhas.
Fedhas was aware of your devotion.
You visited 1 branch of the dungeon, and saw 3 of its levels.

You collected 53 gold pieces.

Inventory:

Hand Weapons
 a - a +2 dagger (weapon)
Missiles
 f - 56 stones (quivered)
 h - 5 boomerangs
Armour
 b - a +0 robe (worn)
 g - the +0 pair of gloves of Ytaymicu {Drain Str+6}
   (You found it on level 2 of the Dungeon)

   Str:       It affects your strength (+6).
   Drain:     It drains your maximum health when unequipped.
Jewellery
 e - a +6 ring of dexterity (left hand)
Scrolls
 d - a scroll of summoning {unknown}
 i - 2 scrolls of teleportation {unknown}
 k - 2 scrolls of identify {unknown}
 l - a scroll of amnesia {unknown}
 m - a scroll of blinking {unknown}
Potions
 j - a potion of curing {unknown}


   Skills:
 + Level 1.5 Short Blades
 + Level 3.3 Dodging
 + Level 4.9 Stealth
 + Level 2.9 Spellcasting
 + Level 4.2 Hexes


You had 7 spell levels left.
You didn't know any spells.
Your spell library contained the following spells:

 Spells                   Type           Power      Damage    Failure   Level
 Confusing Touch          Hex            15%        N/A       10%         3
 Tukima's Dance           Hex            15%        N/A       10%         3
 Ensorcelled Hibernation  Hex/Ice        18%        N/A       12%         2
 Animate Skeleton         Necr           4%         N/A       19%         1
 Apportation              Tloc           4%         N/A       19%         1
 Beastly Appendage        Tmut           4%         N/A       19%         1
 Summon Small Mammal      Summ           8%         N/A       19%         1
 Dazzling Flash           Conj/Hex       18%        N/A       24%         3
 Wereblood                Tmut           2%         N/A       28%         2
 Spider Form              Tmut/Pois      2%         N/A       50%         3


Dungeon Overview and Level Annotations

Branches:
Dungeon (3/15)

Altars:
Fedhas


Innate Abilities, Weirdness & Mutations

You are very small and have problems with some larger weapons.
You are too small for most types of armour.
You have supernaturally acute eyesight. (SInv)
You cover ground extremely quickly. (Speed+++)


Message History

You closely miss the hound.
The hound is lightly wounded.
The hound closely misses you.
You closely miss the hound.
The hound is lightly wounded.
The hound misses you. x2
You hit the hound.
The hound is lightly wounded.
The hound closely misses you.
You closely miss the hound.
The hound is lightly wounded.
The hound misses you. x2
You hit the hound.
The hound is moderately wounded.
The hound closely misses you.
You barely miss the hound.
The hound is moderately wounded.
The hound completely misses you.
You hit the hound but do no damage.
The hound is moderately wounded.
The hound closely misses you. The hound bites you but does no damage.
You barely miss the hound.
The hound is moderately wounded.
The hound barely misses you.
You hit the hound.
The hound is moderately wounded.
The hound closely misses you.
You barely miss the hound.
The hound is moderately wounded.
The hound bites you. x2
* * * LOW HITPOINT WARNING * * *
Okay, then.
This spell is extremely dangerous to cast!
Memorise Confusing Touch, consuming 3 spell levels and leaving 4? [Y]es or [N]o only, please.
Memorise Confusing Touch, consuming 3 spell levels and leaving 4?
The hound bites you.
Your memorisation is interrupted.
You die...
Fedhas appreciates your contribution to the ecosystem.

#############
#.....#.....##
#.....$.............###
#......................
#..............(.......
#.............h........
#.............@.......#
..#.....................#
#...........[............
##.......................
# #......................
# ##.####.#..............
# #..###.......#..:.....
#####........###.........
....###......# .##.###.#


You could see a hound.

Vanquished Creatures
  An adder (D:3)
  A worm (D:2)
  A dart slug (D:3)
  5 bats
  4 endoplasms
  A hobgoblin (D:1)
  A quokka (D:1)
  2 frilled lizards (D:1)
  2 goblins
  3 kobolds
  A rat (D:2)
22 creatures vanquished.

Notes
Turn   | Place    | Note
-------+----------+-------------------------------------------
     0 | D:1      | gzilladon the Spriggan Enchanter began the quest for the
                  | Orb.
     0 | D:1      | Reached XP level 1. HP: 9/9 MP: 5/5
   582 | D:1      | Reached XP level 2. HP: 10/13 MP: 6/6
  1395 | D:2      | Found a faded altar of an unknown god.
  1407 | D:2      | Prayed at the altar of an unknown god.
  1407 | D:2      | Became a worshipper of Fedhas Madash
  1407 | D:2      | Reached * piety under Fedhas
  1506 | D:2      | Identified the +0 pair of gloves of Ytaymicu {Drain Str+6}
  1656 | D:3      | Reached XP level 3. HP: 12/16 MP: 8/8
  1682 | D:3      | Slain by a hound

Illustrated notes

Levels and vault maps discovered:
D:1:      amcnicky_arrival_gap_in_the_tavern_cellar, layout_rooms,
          corexii_hall_statues_i
D:2:      layout_loops_cross, chequers_ecumenical_altar_simple, hex_tiny
D:3:      layout_rooms

Skill      XL: |  1  2 |
---------------+-------+-----
Hexes          | 4 |  4.2
Dodging        | 3 |  3.3
Short Blades   | |  1.5
Stealth        | |  4.9
Spellcasting   | |  2.9

Action                   || total
-------------------------++-------
Melee: Dagger            ||    85
  Use: Potion            ||     2
       Scroll            ||     1
 Stab: Sleeping          ||     4
Armor: Robe              ||    10
Dodge: Dodged            ||   101

Table legend: (Time is in decaauts)
 A = Elapsed time spent in this place.
 B = Non-inter-level travel time spent in this place.
 C = Inter-level travel time spent in this place.
 D = Time resting spent in this place.
 E = Time spent auto-exploring this place.
 F = Levels seen in this place.
 G = Mean time per level.
                   A        B        C        D        E       F      G
               +--------+--------+--------+--------+--------+-----+--------+
         Total |   1273 |   1264 |      9 |    557 |      0 |   3 |  424.3 |
       Dungeon |   1273 |   1264 |      9 |    557 |      0 |   3 |  424.3 |
               +--------+--------+--------+--------+--------+-----+--------+

Top non-repeatable levels by time:
     D:1: 786 daAuts
     D:2: 416 daAuts
     D:3: 70 daAuts
